Barracuda vs Comets
Created - February 27, 2025 at 19:44
Goals
|
| Barracuda |
0 |
1 |
1 |
1 |
3 |
| Comets |
0 |
2 |
0 |
0 |
2 |
|
Shots
|
| Barracuda |
4 |
11 |
11 |
2 |
28 |
| Comets |
13 |
9 |
14 |
1 |
37 |
|
1st period
No Goal
Penalties :
Valeri Nichushkin (Uti) for Slashing (Minor) at 18:51
2nd period
1. Comets , Brett Howden 16 (Conor Garland 33, Valeri Nichushkin 25) at 11:44 (PP)
2. Comets , Joonas Donskoi 24 (Marcus Bjork 11, Valeri Nichushkin 26) at 14:36
3. Barracuda , William Carrier 29 (Theodor Blueger 38, Beck Malenstyn 2) at 19:49
Penalties :
William Carrier (S.J) for Tripping (Minor) at 11:10
3rd period
4. Barracuda , Cole Ully 19 (Kyle Platzer 13) at 16:47 (PP)
Penalties :
Alex Lintuniemi (S.J) for Hooking (Minor) at 7:27, Christian Wolanin (Uti) for Hooking (Minor) at 15:03
Overtime #1
5. Barracuda , Emil Pettersson 25 (Cole Ully 10) at 0:59
Penalties :
No Penalty
Goalie Stats
Joni Ortio (S.J), 35 saves from 37 shots - (0.946), W, 22-15-5, 60:59 minutes
Juuse Saros (Uti), 25 saves from 28 shots - (0.893), OTL, 18-11-4, 60:59 minutes
Players Stats for Barracuda
Player Name G A P +/- PIM S H SB GA TA FO MP PP MP PK MP
------------------------------------------------------------------------------------
Alex Lintuniemi 0 0 0 -1 2 0 0 0 0 1 0/0 19:47 0:57 0:00
Alexei Toropchenko 0 0 0 0 0 2 0 0 0 0 0/0 7:24 0:50 0:00
Angus Crookshank 0 0 0 0 0 0 0 0 0 0 0/0 0:00 0:00 0:00
Beck Malenstyn 0 1 1 0 0 1 0 0 0 0 0/0 6:22 0:00 0:00
Bode Wilde 0 0 0 1 0 2 0 0 0 0 0/0 12:26 0:00 0:00
Cole Ully 1 1 2 1 0 1 3 0 1 1 1/1 14:40 0:50 0:39
Dennis Cholowski 0 0 0 1 0 1 0 0 0 1 0/0 13:26 0:00 0:56
Emil Pettersson 1 0 1 1 0 5 1 0 1 1 18/36 24:45 1:55 1:10
Jaedon Descheneau 0 0 0 0 0 1 1 0 0 1 0/0 19:22 0:58 0:00
Jordan Gross 0 0 0 0 0 0 3 0 0 1 0/0 26:50 2:46 1:33
Kurtis Macdermid 0 0 0 0 0 1 2 1 1 0 1/3 20:12 1:55 1:21
Kyle Platzer 0 1 1 0 0 6 0 1 0 0 4/6 14:21 0:50 0:09
Luke Martin 0 0 0 -1 0 1 0 1 0 0 0/0 20:44 0:57 1:00
Mac Hollowell 0 0 0 1 0 1 1 2 1 2 0/0 27:49 2:46 1:37
Nikolai Kovalenko 0 0 0 0 0 0 2 0 0 0 0/1 12:21 0:00 0:00
Theodor Blueger 0 1 1 0 0 1 4 1 1 0 5/13 20:37 0:58 1:14
Thomas Gobeil 0 0 0 0 0 1 1 0 0 1 2/3 19:07 1:55 0:00
William Carrier 1 0 1 0 2 4 1 0 1 1 1/2 20:09 0:58 0:33
Players Stats for Comets
Player Name G A P +/- PIM S H SB GA TA FO MP PP MP PK MP
------------------------------------------------------------------------------------
Alex Turcotte 0 0 0 0 0 0 1 0 0 0 0/0 8:16 0:00 0:00
Alexandre Texier 0 0 0 0 0 2 0 1 0 0 0/0 12:18 0:00 0:00
Brett Howden 1 0 1 -1 0 4 0 0 1 0 12/17 18:16 1:13 2:35
Brett Seney 0 0 0 1 0 1 0 0 2 0 16/29 21:26 1:20 0:43
Christian Wolanin 0 0 0 -1 2 1 1 7 1 1 0/0 20:02 1:43 0:56
Conor Garland 0 1 1 -2 0 4 2 0 0 1 0/2 18:39 1:13 2:40
David Kase 0 0 0 0 0 1 2 0 0 0 0/0 8:16 0:00 0:00
Eeli Tolvanen 0 0 0 0 0 0 1 0 0 0 0/0 12:00 0:00 0:00
Filip Roos 0 0 0 0 0 0 0 0 0 0 0/0 5:36 0:00 0:00
Ilya Lyubushkin 0 0 0 -2 0 2 3 4 1 1 0/0 27:01 1:43 2:17
Jake Bean 0 0 0 0 0 3 0 0 0 1 0/0 19:22 0:50 1:03
John Hayden 0 0 0 0 0 1 2 1 0 0 2/6 11:51 0:00 0:00
Joonas Donskoi 1 0 1 1 0 6 2 1 1 0 1/3 21:26 1:20 0:43
Marcus Bjork 0 1 1 1 0 1 1 1 0 0 0/0 14:33 0:00 1:05
Mason Marchment 0 0 0 -1 0 2 0 0 0 1 0/2 16:29 1:13 0:45
Nicolas Roy 0 0 0 0 0 1 0 0 1 0 1/3 8:16 0:00 0:00
Valeri Nichushkin 0 2 2 0 2 5 5 1 3 0 1/3 21:01 1:20 0:00
Vincent Desharnais 0 0 0 1 0 0 2 0 0 1 0/0 14:07 0:00 0:39
Wyatt Kalynuk 0 0 0 0 0 3 1 0 0 0 0/0 20:17 0:50 1:26
3 Stars
1 - Cole Ully (S.J)
2 - Joni Ortio (S.J)
3 - Emil Pettersson (S.J)
Power Play
Barracuda - 1 on 2 Attempt(s) - 50.00%
Comets - 1 on 2 Attempt(s) - 50.00%
Penalty Kill
Barracuda - 1 on 2 Attempt(s) - 50.00%
- Score 0 goal in Penalty Kill
Comets - 1 on 2 Attempt(s) - 50.00%
- Score 0 goal in Penalty Kill
Team Stat
Barracuda - Hits : 19 - Faceoff Wins : 32 - Blocked Shots : 6 - Penalty Minutes : 4
Comets - Hits : 23 - Faceoff Wins : 33 - Blocked Shots : 16 - Penalty Minutes : 4
Official
Referees : Chris Schlenker and Ian Walsh
Linesman : Steve Miller and Travis Toomey
Game Notes
No Game Note
Finance
Level 1 -- Attendance: 1779 (88.95%) -- Ticket Income $124,530
Level 2 -- Attendance: 958 (95.80%) -- Ticket Income $38,320
Total Attendance: 2737 (91.23%)
Total Ticket Income: $162,850
Other Income: $8,142
Total Income: $170,992
Barracuda
5 vs 5 Forward
Center Left Wing Right Wing Time % Phy DF OF
1 Emil Pettersson Kurtis Macdermid Thomas Gobeil 40 1 2 2
2 Theodor Blueger William Carrier Jaedon Descheneau 30 1 2 2
3 Kyle Platzer Cole Ully Nikolai Kovalenko 20 1 2 2
4 Emil Pettersson Beck Malenstyn Alexei Toropchenko 10 1 2 2
5 vs 5 Defense
Defense Defense Time % Phy DF OF
1 Mac Hollowell Jordan Gross 40 1 2 2
2 Luke Martin Alex Lintuniemi 30 1 2 2
3 Dennis Cholowski Bode Wilde 20 1 2 2
4 Mac Hollowell Jordan Gross 10 1 2 2
PowerPlay Forward
Center Left Wing Right Wing Time % Phy DF OF
1 Emil Pettersson Kurtis Macdermid Thomas Gobeil 60 1 2 2
2 Theodor Blueger William Carrier Jaedon Descheneau 40 1 2 2
PowerPlay Defense
Defense Defense Time % Phy DF OF
1 Mac Hollowell Jordan Gross 60 1 2 2
2 Luke Martin Alex Lintuniemi 40 1 2 2
Penalty Kill 4 Players Forward
Center Wing Time % Phy DF OF
1 Emil Pettersson Kurtis Macdermid 60 1 2 2
2 Theodor Blueger William Carrier 40 1 2 2
Penalty Kill 4 Players Defense
Defense Defense Time % Phy DF OF
1 Mac Hollowell Jordan Gross 60 1 2 2
2 Luke Martin Alex Lintuniemi 40 1 2 2
Penalty Kill - 3 Players Forward
Forward Time % Phy DF OF
1 Emil Pettersson 60 1 2 2
2 Theodor Blueger 40 1 2 2
Penalty Kill - 3 Players Defense
Defense Defense Time % Phy DF OF
1 Mac Hollowell Jordan Gross 60 1 2 2
2 Luke Martin Alex Lintuniemi 40 1 2 2
4 vs 4 Forward
Center Wing Time % Phy DF OF
1 Emil Pettersson Kurtis Macdermid 60 1 2 2
2 Theodor Blueger William Carrier 40 1 2 2
4 vs 4 Defense
Defense Defense Time % Phy DF OF
1 Mac Hollowell Jordan Gross 60 1 2 2
2 Luke Martin Alex Lintuniemi 40 1 2 2
Last Minutes Offensive
Center Left Wing Right Wing Defense Defense
Emil Pettersson Kurtis Macdermid Thomas Gobeil Mac Hollowell Jordan Gross
Last Minutes Defensive
Center Left Wing Right Wing Defense Defense
Emil Pettersson Kurtis Macdermid Thomas Gobeil Mac Hollowell Jordan Gross
Goaltenders
Starting : Joni Ortio
Backup : Kevin Mandolese
Extra Forwards
Normal : Theodor Blueger, Kyle Platzer, Thomas Gobeil - PP : Theodor Blueger, Kyle Platzer - PK : Theodor Blueger
Extra Defensemen
Normal : Alex Lintuniemi, Dennis Cholowski, Bode Wilde - PP : Alex Lintuniemi - PK : Alex Lintuniemi, Dennis Cholowski
Penalty Shots
Kurtis Macdermid, William Carrier, Emil Pettersson, Cole Ully, Theodor Blueger
Custom OT Lines Forwards
Kurtis Macdermid, William Carrier, Emil Pettersson, Cole Ully, Theodor Blueger, Kyle Platzer, Thomas Gobeil, Jaedon Descheneau, Nikolai Kovalenko, Alexei Toropchenko
Custom OT Lines Defensemen
Mac Hollowell, Jordan Gross, Luke Martin, Alex Lintuniemi, Dennis Cholowski
Scratches
Alex Henriksson (Healthy), Jacob Peterson (Healthy), Ryan Merkley (Healthy), Robin Norell (Bruised Right Leg Injury), Noah Gregor (Strained Right Knee Injury)
Adam Edstrom (Healthy), Adam Beckman (Healthy), Filip Larsson (Healthy)
Comets
5 vs 5 Forward
Center Left Wing Right Wing Time % Phy DF OF
1 Brett Seney Valeri Nichushkin Joonas Donskoi 35 0 2 3
2 Brett Howden Mason Marchment Conor Garland 30 0 2 3
3 John Hayden Eeli Tolvanen Alexandre Texier 25 0 2 3
4 Nicolas Roy Alex Turcotte David Kase 10 0 2 3
5 vs 5 Defense
Defense Defense Time % Phy DF OF
1 Ilya Lyubushkin Christian Wolanin 35 0 3 2
2 Jake Bean Wyatt Kalynuk 30 0 3 2
3 Marcus Bjork Vincent Desharnais 25 0 3 2
4 Filip Roos Ilya Lyubushkin 10 0 3 2
PowerPlay Forward
Center Left Wing Right Wing Time % Phy DF OF
1 Brett Seney Valeri Nichushkin Joonas Donskoi 60 0 1 4
2 Brett Howden Mason Marchment Conor Garland 40 0 1 4
PowerPlay Defense
Defense Defense Time % Phy DF OF
1 Ilya Lyubushkin Christian Wolanin 60 0 2 3
2 Jake Bean Wyatt Kalynuk 40 0 2 3
Penalty Kill 4 Players Forward
Center Wing Time % Phy DF OF
1 Brett Howden Conor Garland 60 1 3 1
2 Brett Seney Joonas Donskoi 40 1 3 1
Penalty Kill 4 Players Defense
Defense Defense Time % Phy DF OF
1 Ilya Lyubushkin Christian Wolanin 60 1 4 0
2 Jake Bean Wyatt Kalynuk 40 1 4 0
Penalty Kill - 3 Players Forward
Forward Time % Phy DF OF
1 Brett Seney 60 1 3 1
2 Brett Howden 40 1 3 1
Penalty Kill - 3 Players Defense
Defense Defense Time % Phy DF OF
1 Ilya Lyubushkin Christian Wolanin 60 1 4 0
2 Jake Bean Wyatt Kalynuk 40 1 4 0
4 vs 4 Forward
Center Wing Time % Phy DF OF
1 Brett Seney Valeri Nichushkin 60 0 2 3
2 Brett Howden Conor Garland 40 0 2 3
4 vs 4 Defense
Defense Defense Time % Phy DF OF
1 Ilya Lyubushkin Christian Wolanin 60 0 3 2
2 Jake Bean Wyatt Kalynuk 40 0 3 2
Last Minutes Offensive
Center Left Wing Right Wing Defense Defense
Brett Seney Valeri Nichushkin Conor Garland Ilya Lyubushkin Christian Wolanin
Last Minutes Defensive
Center Left Wing Right Wing Defense Defense
Brett Seney Valeri Nichushkin Conor Garland Ilya Lyubushkin Christian Wolanin
Goaltenders
Starting : Juuse Saros
Backup : Akira Schmid
Extra Forwards
Normal : Mason Marchment, Brett Howden, Alexandre Texier - PP : Mason Marchment, Brett Howden - PK : Mason Marchment
Extra Defensemen
Normal : Filip Roos, Vincent Desharnais, Marcus Bjork - PP : Marcus Bjork - PK : Marcus Bjork, Vincent Desharnais
Penalty Shots
Valeri Nichushkin, Conor Garland, Brett Seney, Joonas Donskoi, Mason Marchment
Custom OT Lines Forwards
Valeri Nichushkin, Conor Garland, Brett Seney, Joonas Donskoi, Mason Marchment, Brett Howden, Alexandre Texier, Eeli Tolvanen, Alex Turcotte, John Hayden
Custom OT Lines Defensemen
Ilya Lyubushkin, Christian Wolanin, Jake Bean, Wyatt Kalynuk, Marcus Bjork
Scratches
Cristiano Digiacinto (Healthy), Nikita Nesterenko (Healthy), Graeme Clarke (Healthy)
% Time on Ice - Barracuda
Lines # - Real PCT - Wanted PCT - Time Play
Normal Forward
1 - 32% - 40% - 16:57
2 - 34% - 30% - 18:04
3 - 23% - 20% - 12:21
4 - 12% - 10% - 6:22
Normal Defense
1 - 36% - 40% - 19:21
2 - 35% - 30% - 18:47
3 - 23% - 20% - 12:26
4 - 6% - 10% - 3:10
PP Forward
1 - 74% - 60% - 2:45
2 - 26% - 40% - 0:58
PP Defense
1 - 74% - 60% - 2:46
2 - 26% - 40% - 0:57
PK Forward
1 - 78% - 60% - 2:00
2 - 22% - 40% - 0:33
PK Defense
1 - 61% - 60% - 1:33
2 - 39% - 40% - 1:00
PK3 Forward
1 - 0% - 60%
2 - 0% - 40%
PK3 Defense
1 - 0% - 60%
2 - 0% - 40%
44 Forward
1 - 0% - 60%
2 - 0% - 40%
44 Defense
1 - 0% - 60%
2 - 0% - 40%
Last Minute Offensive - 0:00
Last Minute Defensive - 0:00
Total
Forward - 60:00
Defense - 60:00
|
% Time on Ice - Comets
Lines # - Real PCT - Wanted PCT - Time Play
Normal Forward
1 - 36% - 35% - 19:33
2 - 26% - 30% - 14:07
3 - 22% - 25% - 11:48
4 - 15% - 10% - 8:16
Normal Defense
1 - 32% - 35% - 17:11
2 - 33% - 30% - 17:29
3 - 25% - 25% - 13:28
4 - 10% - 10% - 5:36
PP Forward
1 - 52% - 60% - 1:20
2 - 48% - 40% - 1:13
PP Defense
1 - 67% - 60% - 1:43
2 - 33% - 40% - 0:50
PK Forward
1 - 81% - 60% - 3:00
2 - 19% - 40% - 0:43
PK Defense
1 - 72% - 60% - 2:40
2 - 28% - 40% - 1:03
PK3 Forward
1 - 0% - 60%
2 - 0% - 40%
PK3 Defense
1 - 0% - 60%
2 - 0% - 40%
44 Forward
1 - 0% - 60%
2 - 0% - 40%
44 Defense
1 - 0% - 60%
2 - 0% - 40%
Last Minute Offensive - 0:00
Last Minute Defensive - 0:00
Total
Forward - 60:00
Defense - 60:00
|
Play-by-Play
1st period
0:01 of 1st period - Brett Seney wins face-off versus Emil Pettersson in neutral zone.
0:12 of 1st period - Slapshot by Brett Seney.
0:12 of 1st period - Shot Blocked by Mac Hollowell.
0:14 of 1st period - Slapshot by Ilya Lyubushkin.
0:14 of 1st period - Stopped by Joni Ortio with a rebound.
0:19 of 1st period - Icing by Jordan Gross.
0:20 of 1st period - Brett Howden wins face-off versus Emil Pettersson in Barracuda zone.
0:27 of 1st period - Slapshot by Mason Marchment.
0:27 of 1st period - Stopped by Joni Ortio with a rebound.
1:21 of 1st period - Slapshot by David Kase.
1:21 of 1st period - Stopped by Joni Ortio with a rebound.
1:40 of 1st period - Off-side.
1:41 of 1st period - Theodor Blueger wins face-off versus Brett Howden in neutral zone.
1:44 of 1st period - Snap shot by Theodor Blueger.
1:44 of 1st period - Shot Misses the Net.
1:46 of 1st period - Slapshot by Dennis Cholowski.
1:46 of 1st period - Stopped by Juuse Saros without a rebound.
1:47 of 1st period - Brett Seney wins face-off versus Theodor Blueger in Comets zone.
2:02 of 1st period - Snap shot by Brett Seney.
2:02 of 1st period - Stopped by Joni Ortio without a rebound.
2:03 of 1st period - John Hayden wins face-off versus Emil Pettersson in Barracuda zone.
2:39 of 1st period - Snap shot by Mason Marchment.
2:39 of 1st period - Stopped by Joni Ortio with a rebound.
2:57 of 1st period - Brett Seney is hit by Theodor Blueger and loses puck.
3:25 of 1st period - Wrist shot by Nicolas Roy.
3:25 of 1st period - Shot Misses the Net.
3:27 of 1st period - Wrist shot by David Kase.
3:27 of 1st period - Shot Misses the Net.
3:51 of 1st period - Wrist shot by Conor Garland.
3:51 of 1st period - Stopped by Joni Ortio with a rebound.
3:53 of 1st period - Snap shot by Brett Howden.
3:53 of 1st period - Stopped by Joni Ortio with a rebound.
5:38 of 1st period - Off-side.
5:39 of 1st period - Kyle Platzer wins face-off versus John Hayden in neutral zone.
6:04 of 1st period - Jake Bean is hit by Emil Pettersson and loses puck.
6:51 of 1st period - Slapshot by Jake Bean.
6:51 of 1st period - Stopped by Joni Ortio with a rebound.
7:07 of 1st period - Slapshot by Emil Pettersson.
7:07 of 1st period - Shot Blocked by Christian Wolanin.
8:34 of 1st period - Wrist shot by Brett Howden.
8:34 of 1st period - Stopped by Joni Ortio with a rebound.
8:46 of 1st period - Slapshot by Conor Garland.
8:46 of 1st period - Stopped by Joni Ortio with a rebound.
8:48 of 1st period - Slapshot by Valeri Nichushkin.
8:48 of 1st period - Stopped by Joni Ortio without a rebound.
8:49 of 1st period - Theodor Blueger wins face-off versus Brett Seney in Barracuda zone.
9:01 of 1st period - Valeri Nichushkin is hit by Theodor Blueger and loses puck.
9:36 of 1st period - Kurtis Macdermid is hit by Ilya Lyubushkin and loses puck.
9:55 of 1st period - Alexei Toropchenko is hit by David Kase and loses puck.
10:40 of 1st period - Emil Pettersson is hit by Eeli Tolvanen and loses puck.
11:20 of 1st period - Wrist shot by Brett Seney.
11:20 of 1st period - Shot Misses the Net.
11:41 of 1st period - Thomas Gobeil is hit by Vincent Desharnais and loses puck.
11:58 of 1st period - Snap shot by Alexei Toropchenko.
11:58 of 1st period - Stopped by Juuse Saros without a rebound.
11:59 of 1st period - Theodor Blueger wins face-off versus John Hayden in Comets zone.
12:21 of 1st period - Slapshot by Ilya Lyubushkin.
12:21 of 1st period - Stopped by Joni Ortio without a rebound.
12:22 of 1st period - Brett Seney wins face-off versus Emil Pettersson in Barracuda zone.
12:27 of 1st period - Wrist shot by Brett Seney.
12:27 of 1st period - Shot Misses the Net.
12:29 of 1st period - Slapshot by Jake Bean.
12:29 of 1st period - Deflect By Valeri Nichushkin.
12:29 of 1st period - Shot Misses the Net.
12:29 of 1st period - Puck is out of play.
12:30 of 1st period - Emil Pettersson wins face-off versus Brett Seney in Barracuda zone.
12:39 of 1st period - Snap shot by Emil Pettersson.
12:39 of 1st period - Stopped by Juuse Saros with a rebound.
13:43 of 1st period - Slapshot by Brett Seney.
13:43 of 1st period - Shot Misses the Net.
14:04 of 1st period - Cole Ully is hit by David Kase and loses puck.
14:21 of 1st period - Theodor Blueger is hit by Conor Garland and loses puck.
14:42 of 1st period - Kurtis Macdermid is hit by Valeri Nichushkin and loses puck.
15:42 of 1st period - Cole Ully is hit by Valeri Nichushkin and loses puck.
15:51 of 1st period - Wyatt Kalynuk is hit by Nikolai Kovalenko and loses puck.
16:12 of 1st period - Wrist shot by John Hayden.
16:12 of 1st period - Shot Blocked by Luke Martin.
16:14 of 1st period - Slapshot by Jake Bean.
16:14 of 1st period - Stopped by Joni Ortio with a rebound.
16:45 of 1st period - Off-side.
16:46 of 1st period - Kyle Platzer wins face-off versus Nicolas Roy in neutral zone.
17:32 of 1st period - Emil Pettersson is hit by Wyatt Kalynuk and loses puck.
18:31 of 1st period - Wrist shot by Kyle Platzer.
18:31 of 1st period - Stopped by Juuse Saros without a rebound.
18:32 of 1st period - Joonas Donskoi wins face-off versus Kyle Platzer in Comets zone.
18:51 of 1st period - Minor Penalty to Valeri Nichushkin for Slashing.
18:52 of 1st period - Brett Howden wins face-off versus Emil Pettersson in Comets zone.
Goals for this period are 0 for Barracuda vs 0 for Comets.
Shots for this period are 4 for Barracuda vs 13 for Comets.
2nd period
0:01 of 2nd period - Emil Pettersson wins face-off versus Conor Garland in neutral zone.
0:34 of 2nd period - Slapshot by Jordan Gross.
0:34 of 2nd period - Deflect By William Carrier.
0:34 of 2nd period - Shot Misses the Net.
0:34 of 2nd period - Puck is out of play.
0:35 of 2nd period - Theodor Blueger wins face-off versus Brett Seney in Comets zone.
0:50 of 2nd period - Wrist shot by William Carrier.
0:50 of 2nd period - Stopped by Juuse Saros without a rebound.
0:51 of 2nd period - Penalty to Valeri Nichushkin is over, Valeri Nichushkin is back on ice.
0:51 of 2nd period - Brett Howden wins face-off versus Emil Pettersson in Comets zone.
1:10 of 2nd period - Brett Howden is hit by Kurtis Macdermid and loses puck.
1:22 of 2nd period - Icing by Ilya Lyubushkin.
1:23 of 2nd period - Brett Seney wins face-off versus Theodor Blueger in Comets zone.
1:36 of 2nd period - Wrist shot by Valeri Nichushkin.
1:36 of 2nd period - Shot Misses the Net.
1:44 of 2nd period - Icing by Christian Wolanin.
1:45 of 2nd period - Emil Pettersson wins face-off versus Brett Seney in Comets zone.
1:46 of 2nd period - Wrist shot by Kurtis Macdermid.
1:46 of 2nd period - Shot Misses the Net.
1:48 of 2nd period - Snap shot by Thomas Gobeil.
1:48 of 2nd period - Shot Blocked by Christian Wolanin.
1:50 of 2nd period - Slapshot by Jordan Gross.
1:50 of 2nd period - Shot Blocked by Joonas Donskoi.
2:52 of 2nd period - Slapshot by Emil Pettersson.
2:52 of 2nd period - Deflect By Thomas Gobeil.
2:52 of 2nd period - Shot Misses the Net.
2:52 of 2nd period - Puck is out of play.
2:53 of 2nd period - Brett Howden wins face-off versus Theodor Blueger in Comets zone.
3:43 of 2nd period - William Carrier is hit by Marcus Bjork and loses puck.
5:19 of 2nd period - Icing by Brett Seney.
5:20 of 2nd period - Brett Seney wins face-off versus Emil Pettersson in Comets zone.
5:27 of 2nd period - Brett Howden is hit by Kurtis Macdermid and loses puck.
5:38 of 2nd period - Slapshot by John Hayden.
5:38 of 2nd period - Shot Misses the Net.
5:40 of 2nd period - Backhand shot by Alexandre Texier.
5:40 of 2nd period - Stopped by Joni Ortio with a rebound.
5:42 of 2nd period - Snap shot by Eeli Tolvanen.
5:42 of 2nd period - Deflect By Alexandre Texier.
5:42 of 2nd period - Stopped by Joni Ortio with a rebound.
5:44 of 2nd period - Snap shot by Alexandre Texier.
5:44 of 2nd period - Shot Blocked by Kyle Platzer.
5:46 of 2nd period - Slapshot by Marcus Bjork.
5:46 of 2nd period - Shot Blocked by Mac Hollowell.
5:48 of 2nd period - Slapshot by Alexandre Texier.
5:48 of 2nd period - Shot Misses the Net.
6:10 of 2nd period - Snap shot by Nicolas Roy.
6:10 of 2nd period - Shot Misses the Net.
6:40 of 2nd period - Snap shot by Emil Pettersson.
6:40 of 2nd period - Shot Blocked by Ilya Lyubushkin.
7:39 of 2nd period - Joonas Donskoi is hit by Cole Ully and loses puck.
8:14 of 2nd period - Wrist shot by Joonas Donskoi.
8:14 of 2nd period - Stopped by Joni Ortio without a rebound.
8:15 of 2nd period - Brett Howden wins face-off versus Kyle Platzer in Barracuda zone.
8:22 of 2nd period - Wrist shot by Brett Howden.
8:22 of 2nd period - Shot Misses the Net.
8:32 of 2nd period - Mason Marchment is hit by Mac Hollowell and loses puck.
8:45 of 2nd period - Snap shot by Kyle Platzer.
8:45 of 2nd period - Stopped by Juuse Saros with a rebound.
8:47 of 2nd period - Slapshot by Bode Wilde.
8:47 of 2nd period - Shot Misses the Net.
8:49 of 2nd period - Snap shot by Cole Ully.
8:49 of 2nd period - Shot Misses the Net.
8:51 of 2nd period - Snap shot by Cole Ully.
8:51 of 2nd period - Shot Misses the Net.
8:53 of 2nd period - Wrist shot by Cole Ully.
8:53 of 2nd period - Shot Blocked by Marcus Bjork.
8:59 of 2nd period - Wrist shot by Kyle Platzer.
8:59 of 2nd period - Stopped by Juuse Saros without a rebound.
9:00 of 2nd period - Brett Seney wins face-off versus Emil Pettersson in Comets zone.
9:33 of 2nd period - Snap shot by William Carrier.
9:33 of 2nd period - Shot Misses the Net.
9:35 of 2nd period - Slapshot by Mac Hollowell.
9:35 of 2nd period - Shot Misses the Net.
9:47 of 2nd period - Wrist shot by Beck Malenstyn.
9:47 of 2nd period - Shot Blocked by John Hayden.
9:49 of 2nd period - Wrist shot by Emil Pettersson.
9:49 of 2nd period - Deflect By Beck Malenstyn.
9:49 of 2nd period - Stopped by Juuse Saros with a rebound.
9:51 of 2nd period - Wrist shot by Bode Wilde.
9:51 of 2nd period - Stopped by Juuse Saros without a rebound.
9:52 of 2nd period - Emil Pettersson wins face-off versus Joonas Donskoi in Comets zone.
11:05 of 2nd period - Snap shot by Alexei Toropchenko.
11:05 of 2nd period - Stopped by Juuse Saros without a rebound.
11:06 of 2nd period - Brett Seney wins face-off versus Theodor Blueger in Comets zone.
11:10 of 2nd period - Minor Penalty to William Carrier for Tripping.
11:11 of 2nd period - Brett Seney wins face-off versus Emil Pettersson in Barracuda zone.
11:11 of 2nd period - Slapshot by Valeri Nichushkin.
11:11 of 2nd period - Stopped by Joni Ortio with a rebound.
11:21 of 2nd period - Joonas Donskoi is hit by Jordan Gross and loses puck.
11:44 of 2nd period - Snap shot by Brett Howden.
11:44 of 2nd period - Goal by Brett Howden - Barracuda : 0 - Comets : 1.
11:45 of 2nd period - Brett Seney wins face-off versus Kurtis Macdermid in neutral zone.
11:58 of 2nd period - Slapshot by Valeri Nichushkin.
11:58 of 2nd period - Stopped by Joni Ortio without a rebound.
11:59 of 2nd period - Brett Howden wins face-off versus Emil Pettersson in Barracuda zone.
12:51 of 2nd period - Snap shot by Joonas Donskoi.
12:51 of 2nd period - Stopped by Joni Ortio without a rebound.
12:52 of 2nd period - Brett Seney wins face-off versus Emil Pettersson in Barracuda zone.
13:07 of 2nd period - Snap shot by Emil Pettersson.
13:07 of 2nd period - Stopped by Juuse Saros without a rebound.
13:08 of 2nd period - Brett Howden wins face-off versus Theodor Blueger in Comets zone.
13:59 of 2nd period - Wrist shot by Kyle Platzer.
13:59 of 2nd period - Stopped by Juuse Saros without a rebound.
14:00 of 2nd period - Emil Pettersson wins face-off versus John Hayden in Comets zone.
14:25 of 2nd period - Luke Martin is hit by Joonas Donskoi and loses puck.
14:34 of 2nd period - Slapshot by Valeri Nichushkin.
14:34 of 2nd period - Shot Misses the Net.
14:36 of 2nd period - Slapshot by Marcus Bjork.
14:36 of 2nd period - Deflect By Joonas Donskoi.
14:36 of 2nd period - Goal by Joonas Donskoi - Barracuda : 0 - Comets : 2.
14:37 of 2nd period - Brett Seney wins face-off versus Thomas Gobeil in neutral zone.
14:50 of 2nd period - Wrist shot by Emil Pettersson.
14:50 of 2nd period - Shot Misses the Net.
15:29 of 2nd period - Cole Ully is hit by John Hayden and loses puck.
15:59 of 2nd period - Snap shot by Kurtis Macdermid.
15:59 of 2nd period - Shot Hit the Post.
16:11 of 2nd period - Luke Martin is hit by Valeri Nichushkin and loses puck.
17:01 of 2nd period - Mac Hollowell is hit by Ilya Lyubushkin and loses puck.
17:20 of 2nd period - Backhand shot by Joonas Donskoi.
17:20 of 2nd period - Shot Misses the Net.
17:33 of 2nd period - Off-side.
17:34 of 2nd period - Theodor Blueger wins face-off versus Nicolas Roy in neutral zone.
17:56 of 2nd period - Icing by Wyatt Kalynuk.
17:57 of 2nd period - Thomas Gobeil wins face-off versus Brett Seney in Comets zone.
18:06 of 2nd period - Snap shot by Kurtis Macdermid.
18:06 of 2nd period - Stopped by Juuse Saros without a rebound.
18:07 of 2nd period - Emil Pettersson wins face-off versus Brett Howden in Comets zone.
18:10 of 2nd period - Wrist shot by Emil Pettersson.
18:10 of 2nd period - Deflect By Thomas Gobeil.
18:10 of 2nd period - Shot Blocked by Christian Wolanin.
18:10 of 2nd period - Puck is out of play.
18:11 of 2nd period - Emil Pettersson wins face-off versus Brett Howden in Comets zone.
18:12 of 2nd period - Snap shot by Kurtis Macdermid.
18:12 of 2nd period - Shot Blocked by Christian Wolanin.
18:59 of 2nd period - Snap shot by Kyle Platzer.
18:59 of 2nd period - Stopped by Juuse Saros with a rebound.
19:01 of 2nd period - Slapshot by Kyle Platzer.
19:01 of 2nd period - Shot Misses the Net.
19:03 of 2nd period - Slapshot by Cole Ully.
19:03 of 2nd period - Shot Misses the Net.
19:47 of 2nd period - Wrist shot by Theodor Blueger.
19:47 of 2nd period - Shot Hit the Post.
19:49 of 2nd period - Snap shot by William Carrier.
19:49 of 2nd period - Goal by William Carrier - Barracuda : 1 - Comets : 2.
19:50 of 2nd period - Brett Seney wins face-off versus Emil Pettersson in neutral zone.
19:55 of 2nd period - Snap shot by Valeri Nichushkin.
19:55 of 2nd period - Stopped by Joni Ortio with a rebound.
19:57 of 2nd period - Slapshot by Ilya Lyubushkin.
19:57 of 2nd period - Shot Misses the Net.
19:59 of 2nd period - Slapshot by Ilya Lyubushkin.
19:59 of 2nd period - Shot Blocked by Kurtis Macdermid.
Goals for this period are 1 for Barracuda vs 2 for Comets.
Shots for this period are 11 for Barracuda vs 9 for Comets.
3rd period
0:01 of 3rd period - Brett Howden wins face-off versus Emil Pettersson in neutral zone.
0:25 of 3rd period - William Carrier is hit by Ilya Lyubushkin and loses puck.
0:51 of 3rd period - Ilya Lyubushkin is hit by Nikolai Kovalenko and loses puck.
1:34 of 3rd period - Wrist shot by William Carrier.
1:34 of 3rd period - Shot Misses the Net.
1:36 of 3rd period - Snap shot by William Carrier.
1:36 of 3rd period - Shot Misses the Net.
1:38 of 3rd period - Slapshot by Bode Wilde.
1:38 of 3rd period - Stopped by Juuse Saros without a rebound.
1:39 of 3rd period - Kyle Platzer wins face-off versus Brett Seney in Comets zone.
1:54 of 3rd period - Wrist shot by Cole Ully.
1:54 of 3rd period - Shot Hit the Post.
2:09 of 3rd period - Slapshot by Jake Bean.
2:09 of 3rd period - Stopped by Joni Ortio with a rebound.
2:11 of 3rd period - Slapshot by Wyatt Kalynuk.
2:11 of 3rd period - Stopped by Joni Ortio without a rebound.
2:12 of 3rd period - Emil Pettersson wins face-off versus Brett Howden in Barracuda zone.
2:12 of 3rd period - Emil Pettersson is hit by Conor Garland.
2:44 of 3rd period - Slapshot by William Carrier.
2:44 of 3rd period - Stopped by Juuse Saros without a rebound.
2:45 of 3rd period - Emil Pettersson wins face-off versus Brett Seney in Comets zone.
3:00 of 3rd period - Thomas Gobeil is hit by Joonas Donskoi.
3:10 of 3rd period - Marcus Bjork is hit by Jaedon Descheneau and loses puck.
3:15 of 3rd period - Snap shot by William Carrier.
3:15 of 3rd period - Shot Misses the Net.
3:17 of 3rd period - Wrist shot by Mac Hollowell.
3:17 of 3rd period - Deflect By Jaedon Descheneau.
3:17 of 3rd period - Shot Blocked by Alexandre Texier.
3:17 of 3rd period - Puck is out of play.
3:18 of 3rd period - Brett Seney wins face-off versus Theodor Blueger in Comets zone.
3:33 of 3rd period - Wrist shot by Joonas Donskoi.
3:33 of 3rd period - Stopped by Joni Ortio without a rebound.
3:34 of 3rd period - Brett Howden wins face-off versus Emil Pettersson in Barracuda zone.
4:18 of 3rd period - Wrist shot by Alexandre Texier.
4:18 of 3rd period - Shot Misses the Net.
4:24 of 3rd period - Ilya Lyubushkin is hit by Cole Ully and loses puck.
4:58 of 3rd period - Wrist shot by Conor Garland.
4:58 of 3rd period - Stopped by Joni Ortio with a rebound.
5:00 of 3rd period - Slapshot by Wyatt Kalynuk.
5:00 of 3rd period - Shot Misses the Net.
5:02 of 3rd period - Snap shot by Conor Garland.
5:02 of 3rd period - Shot Misses the Net.
5:08 of 3rd period - Slapshot by Wyatt Kalynuk.
5:08 of 3rd period - Stopped by Joni Ortio without a rebound.
5:09 of 3rd period - Brett Seney wins face-off versus Emil Pettersson in Barracuda zone.
5:10 of 3rd period - Slapshot by Joonas Donskoi.
5:10 of 3rd period - Stopped by Joni Ortio without a rebound.
5:11 of 3rd period - Emil Pettersson wins face-off versus Brett Seney in Barracuda zone.
5:11 of 3rd period - Emil Pettersson is hit by Vincent Desharnais.
5:33 of 3rd period - Icing by Marcus Bjork.
5:34 of 3rd period - Brett Seney wins face-off versus Theodor Blueger in Comets zone.
5:34 of 3rd period - Brett Seney is hit by Theodor Blueger.
5:42 of 3rd period - Slapshot by Marcus Bjork.
5:42 of 3rd period - Deflect By Theodor Blueger.
5:42 of 3rd period - Stopped by Joni Ortio without a rebound.
5:43 of 3rd period - Thomas Gobeil wins face-off versus John Hayden in Barracuda zone.
5:43 of 3rd period - Thomas Gobeil is hit by Christian Wolanin.
6:08 of 3rd period - Wrist shot by Alexandre Texier.
6:08 of 3rd period - Shot Blocked by Theodor Blueger.
6:18 of 3rd period - Slapshot by Theodor Blueger.
6:18 of 3rd period - Stopped by Juuse Saros without a rebound.
6:19 of 3rd period - Emil Pettersson wins face-off versus Conor Garland in Comets zone.
6:24 of 3rd period - Wrist shot by Emil Pettersson.
6:24 of 3rd period - Shot Hit the Post.
6:26 of 3rd period - Snap shot by Emil Pettersson.
6:26 of 3rd period - Stopped by Juuse Saros without a rebound.
6:27 of 3rd period - Brett Howden wins face-off versus Emil Pettersson in Comets zone.
6:38 of 3rd period - Slapshot by Kurtis Macdermid.
6:38 of 3rd period - Shot Misses the Net.
7:24 of 3rd period - Snap shot by Nicolas Roy.
7:24 of 3rd period - Stopped by Joni Ortio without a rebound.
7:25 of 3rd period - Emil Pettersson wins face-off versus Brett Seney in Barracuda zone.
7:27 of 3rd period - Minor Penalty to Alex Lintuniemi for Hooking.
7:28 of 3rd period - Emil Pettersson wins face-off versus Brett Seney in Barracuda zone.
9:15 of 3rd period - Jake Bean is hit by William Carrier and loses puck.
9:22 of 3rd period - Jake Bean is hit by Jordan Gross and loses puck.
9:27 of 3rd period - Penalty to Alex Lintuniemi is over, Alex Lintuniemi is back on ice.
9:30 of 3rd period - Icing by Jake Bean.
9:31 of 3rd period - Brett Howden wins face-off versus Nikolai Kovalenko in Comets zone.
9:56 of 3rd period - Slapshot by Brett Howden.
9:56 of 3rd period - Stopped by Joni Ortio without a rebound.
9:57 of 3rd period - Brett Seney wins face-off versus Kurtis Macdermid in Barracuda zone.
9:58 of 3rd period - Snap shot by Valeri Nichushkin.
9:58 of 3rd period - Stopped by Joni Ortio without a rebound.
9:59 of 3rd period - Kurtis Macdermid wins face-off versus Brett Seney in Barracuda zone.
10:04 of 3rd period - Wrist shot by Emil Pettersson.
10:04 of 3rd period - Stopped by Juuse Saros with a rebound.
10:06 of 3rd period - Slapshot by Kurtis Macdermid.
10:06 of 3rd period - Shot Misses the Net.
10:08 of 3rd period - Slapshot by Kurtis Macdermid.
10:08 of 3rd period - Shot Blocked by Christian Wolanin.
10:10 of 3rd period - Slapshot by Jordan Gross.
10:10 of 3rd period - Deflect By Thomas Gobeil.
10:10 of 3rd period - Shot Blocked by Christian Wolanin.
10:10 of 3rd period - Puck is out of play.
10:11 of 3rd period - Emil Pettersson wins face-off versus Joonas Donskoi in Comets zone.
10:12 of 3rd period - Wrist shot by Kurtis Macdermid.
10:12 of 3rd period - Shot Misses the Net.
10:14 of 3rd period - Snap shot by Mac Hollowell.
10:14 of 3rd period - Shot Blocked by Valeri Nichushkin.
10:16 of 3rd period - Wrist shot by Kurtis Macdermid.
10:16 of 3rd period - Deflect By Brett Seney.
10:16 of 3rd period - Shot Blocked by Ilya Lyubushkin.
10:16 of 3rd period - Puck is out of play.
10:17 of 3rd period - Emil Pettersson wins face-off versus Brett Seney in Comets zone.
10:24 of 3rd period - Wrist shot by Thomas Gobeil.
10:24 of 3rd period - Stopped by Juuse Saros with a rebound.
10:26 of 3rd period - Snap shot by Kurtis Macdermid.
10:26 of 3rd period - Shot Blocked by Ilya Lyubushkin.
10:28 of 3rd period - Wrist shot by Emil Pettersson.
10:28 of 3rd period - Shot Blocked by Christian Wolanin.
10:42 of 3rd period - Snap shot by Joonas Donskoi.
10:42 of 3rd period - Stopped by Joni Ortio with a rebound.
10:50 of 3rd period - Christian Wolanin is hit by Theodor Blueger and loses puck.
11:09 of 3rd period - Snap shot by Alexandre Texier.
11:09 of 3rd period - Deflect By John Hayden.
11:09 of 3rd period - Stopped by Joni Ortio without a rebound.
11:10 of 3rd period - Emil Pettersson wins face-off versus Brett Seney in Barracuda zone.
11:27 of 3rd period - Valeri Nichushkin is hit by Thomas Gobeil and loses puck.
12:27 of 3rd period - Alexei Toropchenko is hit by Alex Turcotte and loses puck.
12:57 of 3rd period - Luke Martin is hit by Valeri Nichushkin and loses puck.
14:41 of 3rd period - Snap shot by Theodor Blueger.
14:41 of 3rd period - Shot Misses the Net.
14:43 of 3rd period - Backhand shot by Luke Martin.
14:43 of 3rd period - Shot Misses the Net.
14:45 of 3rd period - Slapshot by Luke Martin.
14:45 of 3rd period - Deflect By Jake Bean.
14:45 of 3rd period - Stopped by Juuse Saros without a rebound.
14:46 of 3rd period - Emil Pettersson wins face-off versus Mason Marchment in Comets zone.
15:03 of 3rd period - Minor Penalty to Christian Wolanin for Hooking.
15:04 of 3rd period - Emil Pettersson wins face-off versus Brett Howden in Comets zone.
15:20 of 3rd period - Slapshot by Emil Pettersson.
15:20 of 3rd period - Shot Misses the Net.
15:33 of 3rd period - Icing by Thomas Gobeil.
15:34 of 3rd period - Brett Howden wins face-off versus Emil Pettersson in Barracuda zone.
16:04 of 3rd period - Wrist shot by Kyle Platzer.
16:04 of 3rd period - Shot Misses the Net.
16:06 of 3rd period - Wrist shot by Cole Ully.
16:06 of 3rd period - Shot Misses the Net.
16:08 of 3rd period - Snap shot by Kyle Platzer.
16:08 of 3rd period - Stopped by Juuse Saros without a rebound.
16:09 of 3rd period - Kyle Platzer wins face-off versus Mason Marchment in Comets zone.
16:36 of 3rd period - Mason Marchment is hit by Jordan Gross and loses puck.
16:47 of 3rd period - Wrist shot by Cole Ully.
16:47 of 3rd period - Goal by Cole Ully - Barracuda : 2 - Comets : 2.
16:48 of 3rd period - John Hayden wins face-off versus Emil Pettersson in neutral zone.
17:46 of 3rd period - Wrist shot by Conor Garland.
17:46 of 3rd period - Stopped by Joni Ortio with a rebound.
17:58 of 3rd period - Slapshot by Wyatt Kalynuk.
17:58 of 3rd period - Stopped by Joni Ortio without a rebound.
17:59 of 3rd period - Nicolas Roy wins face-off versus Theodor Blueger in Barracuda zone.
18:06 of 3rd period - Wrist shot by Theodor Blueger.
18:06 of 3rd period - Shot Blocked by Ilya Lyubushkin.
18:08 of 3rd period - Snap shot by Jaedon Descheneau.
18:08 of 3rd period - Shot Misses the Net.
18:10 of 3rd period - Slapshot by Mac Hollowell.
18:10 of 3rd period - Shot Misses the Net.
18:12 of 3rd period - Snap shot by Jaedon Descheneau.
18:12 of 3rd period - Stopped by Juuse Saros with a rebound.
18:14 of 3rd period - Slapshot by Mac Hollowell.
18:14 of 3rd period - Stopped by Juuse Saros with a rebound.
18:24 of 3rd period - Jordan Gross is hit by John Hayden and loses puck.
18:55 of 3rd period - Kurtis Macdermid is hit by Valeri Nichushkin and loses puck.
Goals for this period are 1 for Barracuda vs 0 for Comets.
Shots for this period are 11 for Barracuda vs 14 for Comets.
Overtime #1
0:01 of 1st overtime period - William Carrier wins face-off versus Valeri Nichushkin in neutral zone.
0:12 of 1st overtime period - Wrist shot by William Carrier.
0:12 of 1st overtime period - Stopped by Juuse Saros without a rebound.
0:13 of 1st overtime period - Valeri Nichushkin wins face-off versus William Carrier in Comets zone.
0:38 of 1st overtime period - Ilya Lyubushkin is hit by Cole Ully.
0:42 of 1st overtime period - Snap shot by Brett Seney.
0:42 of 1st overtime period - Shot Misses the Net.
0:44 of 1st overtime period - Slapshot by Christian Wolanin.
0:44 of 1st overtime period - Stopped by Joni Ortio with a rebound.
0:46 of 1st overtime period - Snap shot by Brett Seney.
0:46 of 1st overtime period - Shot Misses the Net.
0:51 of 1st overtime period - Icing by Mac Hollowell.
0:52 of 1st overtime period - Cole Ully wins face-off versus Valeri Nichushkin in Barracuda zone.
0:59 of 1st overtime period - Slapshot by Emil Pettersson.
0:59 of 1st overtime period - Goal by Emil Pettersson - Barracuda : 3 - Comets : 2.
Goals for this period are 1 for Barracuda vs 0 for Comets.
Shots for this period are 2 for Barracuda vs 1 for Comets.